 Dungeon Crawl Stone Soup version 0.18.1-50-g88ac8fd (webtiles) character file.

219 Fiskpinne the Gusty (level 5, -9/28 HPs)
             Began as a Tengu Air Elementalist on Oct 9, 2016.
             Killed from afar by Fiskpinne's ghost (14 damage)
             ... with a spray of energy
             ... on level 3 of the Dungeon.
             The game lasted 00:12:15 (3926 turns).

Fiskpinne the Gusty (Tengu Air Elementalist)        Turns: 3926, Time: 00:12:15

Health: -9/28      AC:  4    Str:  8    XL:     5   Next: 96%
Magic:  7/9        EV: 12    Int: 17    God:
Gold:   146        SH:  0    Dex: 14    Spells: 3 memorised, 2 levels left

rFire  . . .     SeeInvis .     (no weapon)
rCold  . . .     Gourm    .     a - +0 robe
rNeg   . . .     Faith    .     (no shield)
rPois  .         Spirit   .     (helmet restricted)
rElec  .         Dismiss  .     o - +1 cloak
rCorr  .         Reflect  .     (no gloves)
SustAt .         Harm     .     (boots unavailable)
MR     .....                    (no amulet)
Stlth  +.........               (no ring)
                                (no ring)

@: confused, not resistant to hostile enchantments, very unstealthy
A: beak, talons 3, able to fly 1
a: Fly


You were on level 3 of the Dungeon.
You were not hungry.

You visited 1 branch of the dungeon, and saw 4 of its levels.

You collected 146 gold pieces.

Inventory:

Armour
 a - a +0 robe (worn)
 o - a +1 cloak (worn)
Jewellery
 p - a cursed -5 ring of strength {unknown}
Wands
 h - a wand of iceblast (7/15)
Scrolls
 f - 2 scrolls of remove curse
 i - 2 scrolls of teleportation
 s - 2 scrolls of noise {unknown}
Potions
 e - a potion of cancellation {unknown}
 j - 3 potions of curing {unknown}
 l - a potion of lignification {unknown}
 m - 2 potions of flight
 n - 4 potions of agility {unknown}
 q - a potion of heal wounds {unknown}
 r - 2 potions of haste {unknown}
Books
 b - a book of Air

   Spells                             Type                      Level
   a - Shock                          Conjuration/Air              1
   b - Swiftness                      Charms/Air                   2
   c - Repel Missiles                 Charms/Air                   2
   d - Static Discharge               Conjuration/Air              3
   e - Lightning Bolt                 Conjuration/Air              5
Comestibles
 c - a bread ration
 d - a beef jerky
 g - a slice of pizza
 k - 2 meat rations


   Skills:
 - Level 2.1 Dodging
 - Level 2.0 Stealth
 - Level 2.0 Spellcasting
 + Level 4.9 Conjurations
 + Level 6.9 Air Magic


You had 2 spell levels left.
You knew the following spells:

 Your Spells              Type           Power        Failure   Level  Hunger
a - Shock                 Conj/Air       ###.         1%          1    #......
b - Static Discharge      Conj/Air       ###.....     8%          3    ###....
c - Repel Missiles        Chrm/Air       ##....       10%         2    ###....


Dungeon Overview and Level Annotations

Branches:
Dungeon (4/15)
 Temple: D:4-7

Altars:
Gozag
Nemelex Xobeh

Annotations:
D:3 Fiskpinne's ghost, amateur TeCj; Grinder


Innate Abilities, Weirdness & Mutations

You have a beak for a mouth.
You have claws for feet.
You can fly.


Message History

The zap hits Fiskpinne's ghost.
Fiskpinne's ghost is moderately damaged.
Fiskpinne's ghost points at you and mumbles some strange words.
The spray of energy hits you!
Ouch! That really hurt!
You are confused.
You're too confused to move!
Fiskpinne's ghost barely misses you. Fiskpinne's ghost misses you.
You're too confused to move!
Fiskpinne's ghost points at you and mumbles some strange words.
The magic dart hits you!
* * * LOW HITPOINT WARNING * * *
Fiskpinne's ghost screams, "I'll kill anyone who wants the ORB!"
Fiskpinne's ghost points at you and mumbles some strange words.
The spray of energy misses you.
You're too confused to move!
Fiskpinne's ghost casts a spell at you. The spray of energy hits you!
Ouch! That really hurt!
You die...

..........##....#.............
.........#............[....(.
#####....#...................
##...##.......................
#..⌠..##.....................÷
.......#......................
..._...#.....††...............
.8...8.'......................
..._...#.....@................
.......#......................
#..⌠..##....W....#............
##...##.......................
#####..........####).........
###...#...## ###......##
#...##### # ##### # #


You could see Fiskpinne's ghost.

Vanquished Creatures
  A crimson imp (D:1)
  Jessica (D:3)
  A gnoll (D:1)
  3 adders
  2 river rats (D:3)
  2 worms (D:2)
  4 dart slugs (D:1)
  2 giant geckos (D:2)
  3 orcs (D:3)
  7 giant cockroaches
  10 goblins
  12 hobgoblins
  7 jackals (D:2)
  2 quokkas (D:2)
  A ball python (D:2)
  7 bats
  3 giant newts
  8 kobolds
  12 rats
88 creatures vanquished.

Notes
Turn   | Place    | Note
--------------------------------------------------------------
     0 | D:1      | Fiskpinne the Tengu Air Elementalist began the quest for the Orb.
     0 | D:1      | Reached XP level 1. HP: 10/10 MP: 4/4
   152 | D:1      | Reached XP level 2. HP: 14/15 MP: 1/6
   601 | D:1      | Reached XP level 3. HP: 12/19 MP: 2/7
  1074 | D:1      | Reached skill level 5 in Air Magic
  1074 | D:1      | Reached XP level 4. HP: 12/24 MP: 1/8
  1496 | D:2      | Learned a level 3 spell: Static Discharge
  1499 | D:2      | Learned a level 2 spell: Repel Missiles
  2044 | D:2      | Gained mutation: You can fly. [Tengu growth]
  2044 | D:2      | Reached XP level 5. HP: 28/28 MP: 2/9
  2104 | D:2      | Reached skill level 6 in Air Magic
  2522 | D:3      | Noticed Fiskpinne's ghost (amateur TeCj)
  2581 | D:3      | Noticed Jessica
  2586 | D:3      | Killed Jessica
  2809 | D:3      | Noticed Grinder
  2818 | D:3      | Paralysed by Grinder for 5 turns
  3903 | D:3      | Found a sparkling altar of Nemelex Xobeh.
  3904 | D:3      | Found an opulent altar of Gozag.
  3926 | D:3      | Killed from afar by Fiskpinne's ghost

Skill      XL: |  1  2  3  4  5 |
---------------+----------------+-----
Conjurations   | 2 3 4 |  4.9
Air Magic      | 5 6 |  6.9
Dodging        | |  2.1
Stealth        | |  2.0
Spellcasting   | |  2.0

Action                   |  1- 3 |  4- 6 || total
-------------------------+-------+-------++-------
Melee: Unarmed           |    24 |     5 ||    29
       Kick              |     4 |     1 ||     5
 Cast: Shock             |    60 |   134 ||   194
  Use: Scroll            |       |     6 ||     6
  Eat: Chunk             |     1 |     1 ||     2
       Fruit             |       |     8 ||     8
       Bread ration      |       |     1 ||     1
Armor: Robe              |     8 |    20 ||    28
Dodge: Dodged            |    21 |    44 ||    65
